Cogmind - Beta 10.2 @@@ ROGUE MODE // 2021.12.07 @ 15:43:15 Player: DaddyWalrus Result: Destroyed by Y-54 Guardian with Gatling Laser Performance ------------- Evolutions (3) 1500 Regions Visited (4) 800 Robots Destroyed (55) 275 Value Destroyed (1468) 1468 Prototype IDs (1) 20 Alien Tech Used (0) 0 Bonus (346) 346 TOTAL SCORE: 4409 Bonus ------- High Alert Combat Kills 346 Cogmind --------- Core Integrity 0/700 Matter 280/300 Energy 94/100 System Corruption 0% Temperature Cool (6) Movement Core (50) Location -7/Factory Parts ------- > --- POWER (1) -------- (None) > --- PROPULSION (2) --- (None) > --- UTILITY (8) ------ Advanced Visual Processing Unit Advanced Signal Interpreter > --- WEAPON (2) ------- Mini Grenade Launcher > --- INVENTORY (4) ---- Advanced Weight Redist. System Reaction Control System Peak State ------------ > --- POWER ------------ Micro Nuclear Core > --- PROPULSION ------- Flight Unit Flight Unit > --- UTILITY ---------- Weight Redist. System Advanced Weight Redist. System Advanced Visual Processing Unit Enhanced Optical Array Advanced Signal Interpreter Hacking Suite > --- WEAPON ----------- Light Assault Rifle High-powered Shotgun > --- INVENTORY -------- Micro Nuclear Core Flail [Rating: 28] Favorites ----------- Power Light Ion Engine Engine Light Ion Engine Power Core Micro Nuclear Core Propulsion Flight Unit Flight Unit Flight Unit Utility Weight Redist. System Device Weight Redist. System Processor Advanced Visual Processing Unit Hackware Hacking Suite Protection Light Armor Plating Weapon Light Assault Rifle Energy Gun Particle Gun Ballistic Gun Light Assault Rifle Launcher Mini Grenade Launcher Impact Weapon Flail Special Melee Weapon Datajack Build | -11 -10 -9 -8 -7 ------- Run | Scr Mat Mat Mat Fac Slots Evolved 6 | . . 2 2 2 Power . | . . . . . Propulsion . | . . . . . Utility 6 | . . 2 2 2 Weapon . | . . . . . Parts Attached 93 | 2 21 18 45 7 Power 12 | . 4 2 6 . Engine 8 | . 4 1 3 . Core 4 | . . 1 3 . Reactor . | . . . . . Propulsion 19 | . 5 3 11 . Treads . | . . . . . Leg . | . . . . . Wheel . | . . . . . Hover . | . . . . . Flight 19 | . 5 3 11 . Utility 19 | . 4 4 11 . Device 7 | . 2 2 3 . Storage . | . . . . . Processor 8 | . 2 2 4 . Hackware 2 | . . . 2 . Protection 2 | . . . 2 . Artifact . | . . . . . Weapon 43 | 2 8 9 17 7 Energy Gun 7 | . . 1 3 3 Energy Cannon . | . . . . . Ballistic Gun 23 | 2 7 4 10 . Ballistic Cannon . | . . . . . Launcher 6 | . 1 1 2 2 Special Weapon . | . . . . . Impact Weapon 6 | . . 2 2 2 Slashing Weapon . | . . . . . Piercing Weapon . | . . . . . Special Melee Weapon 1 | . . 1 . . Unidentified Prototypes 1 | . . 1 . . Parts Lost 44 | . . 11 27 6 Power 8 | . . 3 5 . Propulsion 13 | . . 4 9 . Utility 8 | . . 1 4 3 Weapon 15 | . . 3 9 3 Highest Loss Streak 8 | . . 6 8 6 Average Slot Usage (%) 71 | . 77 65 78 48 Engine 3 | . 7 2 3 . Core 1 | . . 1 3 . Flight 11 | . 17 13 11 . Device 9 | . 5 12 10 6 Processor 22 | . 17 18 28 19 Hackware 3 | . . . 3 12 Energy Gun 1 | . . 1 1 2 Ballistic Gun 11 | . 26 11 9 . Launcher 1 | . . . 1 5 Impact Weapon 1 | . . 2 1 . Naked Turns 1 | . 1 . . . Heaviest Build 16 | 3 7 11 16 7 Greatest Support 17 | 3 14 14 17 3 Greatest Overweight (x) 2 | . . 1 1 2 Average Overweight (x) . | . . . . . Largest Inventory Capacity 4 | 4 4 4 4 4 Average Capacity 4 | 4 4 4 4 4 Most Carried 4 | 3 4 4 4 4 Average Carried 3 | 1 3 3 2 3 Final Capacity 4 | 4 4 4 4 4 Final Carried 4 | 3 4 4 4 2 Class Distribution -------------------- 50% | Mutant 31% | Scavenger-Mutant 16% | Hacker-Mutant Dominant Class ---------------- Mutant | -10/Materials Scavenger-Mutant | -9/Materials Mutant | -8/Materials Hacker-Mutant | -7/Factory Resources | -11 -10 -9 -8 -7 ----------- Run | Scr Mat Mat Mat Fac Matter Collected 1595 | 218 145 416 795 21 Remotely . | . . . . . Salvage Created 1711 | . 234 444 1033 . Parts 109 | . 21 36 52 . Haulers Intercepted . | . . . . . Recyclers Shooed 1 | . . 1 . . Parts Field Recycled . | . . . . . Retrieved Matter . | . . . . . Parts Self-Destructed . | . . . . . Prevented . | . . . . . Kills | -11 -10 -9 -8 -7 ------- Run | Scr Mat Mat Mat Fac Combat Hostiles Destroyed 49 | . 8 14 27 . Guns 35 | . 6 8 21 . AOE 13 | . 2 6 5 . Classes Destroyed 9 | . 3 4 2 . Worker 1 | . . . 1 . Recycler 1 | . 1 . . . Operator 1 | . . 1 . . Watcher 3 | . 2 1 . . Swarmer 23 | . 8 6 9 . Grunt 16 | . . 5 11 . Brawler 2 | . . 1 1 . Duelist 1 | . . . 1 . Sentry 7 | . . 2 5 . Best Kill Streak 6 | . 3 6 5 . Combat Bots Only 6 | . 3 6 4 . Max Kills in Single Turn 3 | . 2 3 1 . Gunslinging . | . . . . . Exploded 3 | . 2 3 1 . Melee . | . . . . . Uniques/NPCs Destroyed . | . . . . . Combat | -11 -10 -9 -8 -7 -------- Run | Scr Mat Mat Mat Fac Damage Taken 3927 | . 283 671 2079 894 Core 1372 | . 89 201 375 707 Absorbed by Shields . | . . . . . Core Remaining (%) 61 | 100 64 49 31 . Volleys Fired 166 | . 38 27 94 7 Largest 2 | . 2 2 2 1 Hottest 95 | . 50 88 95 65 Shots Fired 303 | . 74 52 170 7 Gun 289 | . 72 50 161 6 Cannon . | . . . . . Launcher 14 | . 2 2 9 1 Special . | . . . . . Kinetic 264 | . 72 46 146 . Thermal 23 | . . 4 15 4 Explosive 14 | . 2 2 9 1 Electromagnetic 2 | . . . . 2 Robot Hit Streak 14 | . 5 10 14 8 Robot Miss Streak 6 | . 5 4 6 . Penetration Max . | . . . . . Secondary Targets 5 | . . 3 2 . Max Gunslinging Chain 1 | . . 1 1 . Shots Hit Robots 209 | . 35 33 130 11 Core Hits 108 | . 18 27 55 8 Critical Hits 4 | . 1 2 1 . Critical Kills . | . . . . . Critical Parts Destroyed 3 | . 1 1 1 . Melee Attacks 16 | . . . 12 4 Impact 16 | . . . 12 4 Slashing . | . . . . . Piercing . | . . . . . Sneak Attacks . | . . . . . Combat Hostiles . | . . . . . Follow-up Attacks . | . . . . . Damage Inflicted 3645 | . 409 618 2422 196 Guns 2294 | . 301 409 1499 85 Cannons . | . . . . . Explosions 998 | . 108 209 667 14 Melee 311 | . . . 253 58 Ramming 42 | . . . 3 39 Kinetic 2026 | . 301 377 1348 . Thermal 246 | . . 32 151 63 Explosive 998 | . 108 209 667 14 Electromagnetic 22 | . . . . 22 Impact 311 | . . . 253 58 Slashing . | . . . . . Piercing . | . . . . . Highest Corruption . | . . . . . Average Corruption . | . . . . . Corruption Purged . | . . . . . Overload Shots . | . . . . . Overflow Damage 23 | . . . 23 . Projectiles . | . . . . . Explosions 13 | . . . 13 . Melee 10 | . . . 10 . Knockbacks . | . . . . . Impact . | . . . . . Kinetic . | . . . . . Secondary . | . . . . . Self-Inflicted Damage 66 | . 11 . 11 44 Shots 4 | . 1 . 2 1 Rammed 16 | . . . 1 15 Targets Rammed 16 | . . . 1 15 Kicked . | . . . . . Crushed . | . . . . . Highest Temperature 172 | . 16 102 172 5 Average Temperature 23 | . 4 27 29 5 Received Heat Transfer 1194 | . . 153 765 276 Siege Activations . | . . . . . Robots Corrupted . | . . . . . Combat Hostiles . | . . . . . Parts Fried 1 | . . . 1 . Impact Corruptions 2 | . . . 2 . Robots Melted . | . . . . . Combat Hostiles . | . . . . . Parts Melted . | . . . . . Heat Transferred 592 | . . 74 370 148 Parts Sabotaged . | . . . . . Parts Stolen . | . . . . . Parts Stripped . | . . . . . Power Chain Reactions . | . . . . . Missiles Intercepted . | . . . . . Alert | -11 -10 -9 -8 -7 ------- Run | Scr Mat Mat Mat Fac Peak Influence 981 | . 259 655 981 490 Initial 445 | . . 109 276 445 Average 454 | . 106 413 637 460 Maximum Alert Level 3 | . 1 2 3 2 Low Security (%) 22 | 100 79 26 . . Level 1 11 | . 20 11 11 . Level 2 50 | . . 62 54 100 Level 3 14 | . . . 33 . Level 4 . | . . . . . Level 5 . | . . . . . High Security . | . . . . . Max Security . | . . . . . Squads Dispatched 9 | . 1 2 5 1 Investigation 2 | . 1 . 1 . Extermination . | . . . . . Reinforcement 3 | . . 2 . 1 Assault 1 | . . . 1 . Garrison 3 | . . . 3 . Intercept . | . . . . . Construction Impeded . | . . . . . Haulers Reinforced . | . . . . . Stealth | -11 -10 -9 -8 -7 --------- Run | Scr Mat Mat Mat Fac Distress Signals 8 | . 3 3 1 1 Communications Jammed . | . . . . . Distress Signals . | . . . . . Times Spotted 108 | . 16 35 53 4 Peak Tracking Total 13 | . 4 13 9 5 Tactical Retreats 17 | . 3 4 9 1 Traps | -11 -10 -9 -8 -7 ------- Run | Scr Mat Mat Mat Fac Traps Triggered 5 | . 3 1 . 1 Indirectly . | . . . . . Trap Hack Attempts . | . . . . . Triggered . | . . . . . Disarmed . | . . . . . Reprogrammed . | . . . . . Reused . | . . . . . Traps Extracted . | . . . . . Installed . | . . . . . Triggered . | . . . . . Machines | -11 -10 -9 -8 -7 ---------- Run | Scr Mat Mat Mat Fac Machines Disabled 4 | . 1 . 3 . Max in Single Turn 1 | . 1 . 1 . Garrison Access 1 | . . . . 1 Machines Sabotaged . | . . . . . Garrisons Compromised . | . . . . . Overloaded Fab Kills . | . . . . . Fab Network Shutdowns . | . . . . . Hacking | -11 -10 -9 -8 -7 --------- Run | Scr Mat Mat Mat Fac Machines Accessed 9 | . 3 3 1 2 Terminals 7 | . 3 3 1 . Fabricators 1 | . . . . 1 Repair Stations . | . . . . . Recycling Units . | . . . . . Scanalyzers . | . . . . . Garrison Access 1 | . . . . 1 Total Hacks 27 | . 9 14 2 2 Successful 11 | . 3 6 . 2 Failed 16 | . 6 8 2 . Catastrophic 1 | . . . 1 . Database Lockouts . | . . . . . Manual 25 | . 9 14 2 . Terminals 25 | . 9 14 2 . Fabricators 1 | . . . . 1 Repair Stations . | . . . . . Recycling Units . | . . . . . Scanalyzers . | . . . . . Garrison Access 1 | . . . . 1 Terminal Hacks 1 | . 1 . . . Unreport Threat 1 | . 1 . . . Fabricator Hacks 1 | . . . . 1 Build 1 | . . . . 1 Repair Station Hacks . | . . . . . Recycling Unit Hacks . | . . . . . Scanalyzer . | . . . . . Garrison Access Hacks 1 | . . . . 1 Seal Access 1 | . . . . 1 Unauthorized Hacks 8 | . 2 6 . . Terminals 8 | . 2 6 . . Assimilate 3 | . . 3 . . Botnet 5 | . 2 3 . . Fabricators . | . . . . . Repair Stations . | . . . . . Recycling Units . | . . . . . Scanalyzers . | . . . . . Garrison Access . | . . . . . Data Cores Recovered . | . . . . . Used . | . . . . . Hacking Detections 8 | . 3 3 1 1 Full Trace Events 3 | . 1 1 1 . Feedback Events . | . . . . . Feedback Blocked . | . . . . . Robot Schematics Acquired . | . . . . . Robots Built . | . . . . . Matter . | . . . . . Time . | . . . . . Total Robot Build Rating . | . . . . . Part Schematics Acquired . | . . . . . Parts Built 1 | . . . . 1 Matter 234 | . . . . 234 Time 58 | . . . . 58 Total Part Build Rating 7 | . . . . 7 Parts Repaired . | . . . . . Time . | . . . . . Parts Recycled . | . . . . . Recycled Matter . | . . . . . Retrieved Matter . | . . . . . Retrieved Components . | . . . . . Parts Scanalyzed . | . . . . . Part Schematics Acquired . | . . . . . Parts Damaged . | . . . . . Bothacking | -11 -10 -9 -8 -7 ------------ Run | Scr Mat Mat Mat Fac Used RIF Installer . | . . . . . Robots Hacked . | . . . . . Non-combat . | . . . . . Combat . | . . . . . Robot Hacks Applied . | . . . . . Relay Couplers Released . | . . . . . Robots Rewired 1 | . . . . 1 Allies Hacked . | . . . . . Hacks Repelled . | . . . . . Allies | -11 -10 -9 -8 -7 -------- Run | Scr Mat Mat Mat Fac Total Allies 3 | . . 2 . 1 Largest Group 1 | . . 1 . 1 Highest-Rated Group 12 | . . 10 . 12 Highest-Rated Ally 12 | . . 10 . 12 Total Orders . | . . . . . Ally Attacks 2 | . . . . 2 Total Damage 16 | . . . . 16 Kills . | . . . . . Allies Corrupted . | . . . . . Allies Melted . | . . . . . Intel | -11 -10 -9 -8 -7 ------- Run | Scr Mat Mat Mat Fac Robot Analysis Total . | . . . . . Derelict Logs Recovered . | . . . . . Drone Launches . | . . . . . Drone Recoveries . | . . . . . Exploration | -11 -10 -9 -8 -7 ------------- Run | Scr Mat Mat Mat Fac Turns Passed 1725 | 29 326 372 770 228 Spaces Moved 1860 | 46 396 552 708 158 Core 722 | 46 138 134 246 158 Treads . | . . . . . Legs . | . . . . . Wheels . | . . . . . Hover . | . . . . . Flight 1138 | . 258 418 462 . Fastest Speed 37 | 50 37 37 37 50 Average Speed 45 | 50 41 41 45 66 Slowest Speed 150 | 50 50 120 117 150 Overloaded Moves . | . . . . . Propulsion Burnouts . | . . . . . Robots Hopped 13 | . 2 9 2 . Cave-ins Triggered . | . . . . . Exploration Rate (%) 37 | 3 67 54 56 6 Regions Visited 4 Branch Regions . Pre-discovered Areas . | . . . . . Known Exits Taken 3 | . 1 1 1 . Unknown Exits Taken 1 | 1 . . . . Scrap Searched . | . . . . . Spaces Dug . | . . . . . Terrain Destroyed 98 | . 12 9 73 4 Melee . | . . . . . Projectile . | . . . . . AOE 98 | . 12 9 73 4 Terrain Rammed . | . . . . . Walls Destroyed . | . . . . . Machines Disabled . | . . . . . Actions | -11 -10 -9 -8 -7 --------- Run | Scr Mat Mat Mat Fac Total 2420 | 50 489 640 975 266 Wait 217 | . 20 42 85 70 Move 1833 | 45 392 535 703 158 Hop 10 | . 1 7 2 . Pick Up 30 | 3 6 3 17 1 Fast Attach 45 | 2 12 9 21 1 Attach 26 | . 1 7 15 3 Detach 12 | . 1 5 6 . Swap 22 | . 8 2 9 3 Drop 24 | . 10 3 10 1 Fire 166 | . 38 27 94 7 Melee 16 | . . . 12 4 Ram 16 | . . . 1 15 Kick . | . . . . . Crush . | . . . . . Escape Stasis . | . . . . . Rewire 3 | . . . . 3 Trap . | . . . . . Miscellaneous . | . . . . . Route ------- -11/Scrapyard -10/Materials (discovered 3 exits: *Mat x2 / [*Min]) -9/Materials (discovered 2 exits: *Mat / [*Min]) -8/Materials -7/Factory History --------- Turn | Location | Event 7 | -11/Scrapyard | Discovered new exit (range 15) 30 | -11/Scrapyard | Entered Materials 66 | -10/Materials | Discovered new exit (range 12) 223 | -10/Materials | Discovered new exit (range 13) 334 | -10/Materials | Discovered new exit (range 16) 354 | -10/Materials | Identified exit to Materials 356 | -10/Materials | Entered another Materials area 356 | -9/Materials | Evolved 2 slots: Utility x2 452 | -9/Materials | Discovered new exit (range 14) 537 | -9/Materials | Lost 6 parts (1p1n1u3w) 626 | -9/Materials | Lost 4 parts (1p3n) 720 | -9/Materials | Core integrity fell below 50% 721 | -9/Materials | Discovered new exit (range 18) 727 | -9/Materials | Identified exit to Materials 728 | -9/Materials | Entered another Materials area 728 | -8/Materials | Evolved 2 slots: Utility x2 863 | -8/Materials | Build established: Mutant 894 | -8/Materials | Lost 3 parts (1p1n1u) 1034 | -8/Materials | Garrison activated, responded to threat 1122 | -8/Materials | Lost 4 parts (1p2n1w) 1128 | -8/Materials | First assault squad dispatched 1243 | -8/Materials | Lost 5 parts (1p2n2w) 1323 | -8/Materials | Core integrity fell below 50% 1391 | -8/Materials | Lost 8 parts (2p2n1u3w) 1495 | -8/Materials | Discovered new exit (range 4) 1497 | -8/Materials | Identified exit to Factory 1498 | -8/Materials | Entered Factory 1498 | -7/Factory | Evolved 2 slots: Utility x2 1569 | -7/Factory | Fabricated Reaction Control System (x1) 1708 | -7/Factory | Core integrity fell below 50% 1720 | -7/Factory | Core integrity fell below 20% 1726 | -7/Factory | Destroyed by Y-54 Guardian with Gatling Laser Last Messages --------------- 01668_ K-01 Serf cleans the Assembly Bed. 01671_ Hacking Suite destroyed. 01678_ Virus 4a destroyed. 01681_ Particle Gun destroyed. 01683_ Acquired 21 matter. 01691_ Arc Projector destroyed. 01693_ R-06 Scavenger collects VTOL Module. 01694_ Adv. Weight Redist. System destroyed. 01700_ Flail destroyed. 01702_ Slammed into Y-54 Guardian. 01705_ Adv. Signal Interpreter permanently disabled. 01705_ Destabilizing: Short circuit. 01706_ Slammed into Y-54 Guardian. 01706_ Adv. Visual Processing Unit permanently disabled. 01706_ Destabilizing: Short circuit. 01707_ Slammed into Y-54 Guardian. 01710_ Hacking Suite destroyed. 01710_ Slammed into Y-54 Guardian. 01719_ Destabilizing: Core damaged (-28). 01720_ Slammed into Y-54 Guardian. Map ----- +----------------------------------------------------+ | ?????????????????????????????????????????????????? | | ?????????????????????????????????????????????????? | | ?????????????????????????????????????????????????? | | ?????????????????????????????????????????????????? | | ??????????????+##??### ??????????????????????????? | | ???????????### ? ??????????????????????????? | | ??????????? ? ??????????????????????????? | | ?????????? """ !!??????????????????????????? | | ?????????? """ !!??????????????????????????? | | ??????????# """ !!??????????????????????????? | | ??????????# ?? ???????????????????????? | | ########### ?? ???????????????????????? | | ?? ??????????????????????? | | ? ?????????????????????? | | """" """" """ """" """" """"???????????????????? | | """" """" """ """" """" """"???????????????????? | | """" """" """ """" """" """" ""????????????????? | | """" """" """" """" """" """???????????????? | | """" """" """" """" """" """"?? ? ?????????? | | """" """" """" """" """" """" #????????? | | #????????? | | +???????? | | #????????? | | #????????? | | ########+############ #########??????????????? | | ?????? ???????# Y @ ##????????????????????? | | ????# ?????# ! ! #????????????????????? | | ????# #????# !! ##????????????????????? | | ????# #????# !! #?????????????????????? | | ????# #????#! % #?????????????????????? | | ????# #????# """ #?????????????????????? | | ????# #????#= """ #?????????????????????? | | ????# #????# """ #?????????????????????? | | ????# #????# #?????????????????????? | | ????##########????##########?????????????????????? | | ?????????????????????????????????????????????????? | | ?????????????????????????????????????????????????? | | ?????????????????????????????????????????????????? | | ?????????????????????????????????????????????????? | | ?????????????????????????????????????????????????? | | ?????????????????????????????????????????????????? | | ?????????????????????????????????????????????????? | | ?????????????????????????????????????????????????? | | ?????????????????????????????????????????????????? | | ?????????????????????????????????????????????????? | | ?????????????????????????????????????????????????? | | ?????????????????????????????????????????????????? | | ?????????????????????????????????????????????????? | | ?????????????????????????????????????????????????? | | ?????????????????????????????????????????????????? | +----------------------------------------------------+ Best States ------------- Heat Dissipation 34 Energy Generation 15 Energy Capacity 265 Matter Stores 300 Matter Capacity 300 Sight Range 22 Robot Scan Range 10 Terrain Scan Density 60 Additional Mass Support 9 Armor Coverage 225 Evasion (%) 62 Offensive Hacking 20 Item Schematics ----------------- None Robot Schematics ------------------ None Fabricated ------------ Reaction Control System | x1 | -7/Factory | Preloaded Alien Tech Used ----------------- None Achievements -------------- None Challenges ------------ None Game ------ Seed DispersionResetInverter Manual? 0 Play Time 00:44:24 Cumulative 81.1 hours Start 2021.12.07 @ 15:01:18 End 2021.12.07 @ 15:43:15 Sessions 1 Manual Loads 0 Difficulty Rogue Special Mode None Game No. 27 Rogue 27 Adventurer 0 Explorer 0 Win Type - Total 1 Types 1/0/0/0/0/0/0/0/0 Lore% 38 Gallery% 52 Achievement% 39 Wizard Run 0 Options --------- ASCII 1 Keyboard 1 Movement Numpad Keybinds 0 Fullscreen 1 Font 36/Smallcaps Map View 76x50 Tactical HUD 1 Map Filters NONE Filters NONE Steam 1 RUN: 54be8872-930c-4775-89e2-a39204badd16